 Dungeon Crawl Stone Soup version 0.20.1-2-g1830e616b0 (webtiles) character file.

157 Alfie the Shooter (level 5, 0/39 HPs)
             Began as a Human Hunter on Jan 16, 2020.
             Slain by an orc
             ... wielding a +0 dagger
              (3 damage)
             ... on level 2 of the Dungeon.
             The game lasted 00:08:58 (1631 turns).

Alfie the Shooter (Human Hunter)                    Turns: 1631, Time: 00:08:59

Health: 0/39       AC:  4    Str: 13    XL:     5   Next: 66%
Magic:  5/5        EV: 12    Int: 16    God:
Gold:   75         SH:  0    Dex: 14    Spells: 4/4 levels left

rFire    . . .     SeeInvis .   a - +1 shortbow
rCold    . . .     Gourm    .   (shield currently unavailable)
rNeg     . . .     Faith    .   c - +1 leather armour
rPois    .         Spirit   .   (no helmet)
rElec    .         Reflect  .   (no cloak)
rCorr    .         Harm     .   (no gloves)
MR       .....                  (no boots)
Stlth    +.........             (no amulet)
Regen    0.2/turn               (no ring)
MPRegen  0.1/turn               (no ring)

@: brilliant
A: no striking features
a: no special abilities


You were on level 2 of the Dungeon.
You were not hungry.

You visited 1 branch of the dungeon, and saw 3 of its levels.

You collected 75 gold pieces.

Inventory:

Hand Weapons
 a - a +1 shortbow (weapon)
 b - a +0 short sword
Missiles
 d - 22 arrows (quivered)
Armour
 c - a +1 leather armour (worn)
Scrolls
 l - a scroll of amnesia
 m - a scroll of remove curse
 p - 2 scrolls of identify
Potions
 g - a potion of brilliance
 j - a potion of cancellation {unknown}
 n - a potion of degeneration {unknown}
Comestibles
 f - 2 bread rations
 h - a royal jelly
 i - 4 fruits


   Skills:
 + Level 2.6 Fighting
 + Level 1.5 Short Blades
 + Level 5.4 Bows
 + Level 1.0 Armour
 + Level 2.6 Dodging
 + Level 1.0 Stealth


You had 4 spell levels left.
You didn't know any spells.

Dungeon Overview and Level Annotations

Branches:
Dungeon (3/15)

Altars:


Message History

* * * LOW HITPOINT WARNING * * *
The orc closely misses you.
There is a stone staircase leading up here.
The orc wizard shouts loudly.
The orc wizard gestures at you while chanting.
The puff of flame hits you!
* * * LOW HITPOINT WARNING * * *
The orc barely misses you.
You climb upwards.
There is a stone staircase leading down here.
It was a potion of brilliance.
You feel clever all of a sudden. The orc misses you.
Firing (i - inventory):
d - 23 arrows (quivered)
Press: ? - help, Shift-Dir - straight line, f - orc
Aim: an orc, wielding a dagger and wearing a leather armour You shoot an arrow.
The arrow hits the orc.
The orc is almost dead.
The orc hits you with a dagger.
You die...

#.########.# #.# #.#
##.## #.# #.# ##.#.## #.#
#.# ##.###.## #.# ##.#
#.## ##.# ##.## ...#
##.###..###..^##
##.#######.#.#.##.#.#.##
.#......รท.......o...##.#
....#####.##.#.#@..##.##
.##.#####.##.#.#.#.#.##
.......##......#.#..##
###.##.##..#.#.#.#.##
###.##.......#.#.#.#
.#.#.####..#.#.#.#.#
..###............#.#
.#.#.###.........#.#
###.## #.......>.#.#


You could see an orc.

Vanquished Creatures
  An orc wizard (D:3)
  A worker ant (D:3)
  3 gnolls (D:2)
  An adder (D:2)
  2 oozes (D:1)
  A worm (D:2)
  A dart slug (D:2)
  2 leopard geckos
  4 orcs (D:3)
  2 ball pythons
  6 bats
  2 giant cockroaches
  7 goblins
  4 hobgoblins
  4 kobolds
  4 frilled lizards
  4 rats
49 creatures vanquished.

Notes
Turn   | Place    | Note
-------+----------+-------------------------------------------
     0 | D:1      | Alfie the Human Hunter began the quest for the Orb.
     0 | D:1      | Reached XP level 1. HP: 16/16 MP: 1/1
   258 | D:1      | Reached XP level 2. HP: 22/22 MP: 2/2
   509 | D:1      | Reached XP level 3. HP: 27/27 MP: 3/3
   919 | D:2      | Reached XP level 4. HP: 21/33 MP: 4/4
   935 | D:2      | Reached skill level 1 in Short Blades
  1282 | D:2      | Reached skill level 5 in Bows
  1501 | D:2      | Reached XP level 5. HP: 37/39 MP: 5/5
  1552 | D:3      | Reached skill level 1 in Armour
  1631 | D:2      | Slain by an orc

Skill      XL: |  1  2  3  4  5 |
---------------+----------------+-----
Short Blades   | 1 |  1.5
Bows           | 5 |  5.4
Armour         | 1 |  1.0
Fighting       | |  2.6
Dodging        | |  2.6
Stealth        | |  1.0

Action                   |  1- 3 |  4- 6 || total
-------------------------+-------+-------++-------
Melee: Short sword       |    56 |       ||    56
 Fire: Shortbow          |    52 |    81 ||   133
  Use: Scroll            |       |     6 ||     6
       Potion            |       |     3 ||     3
  Eat: Royal jelly       |       |     1 ||     1
Armor: Leather armour    |    43 |     3 ||    46
Dodge: Dodged            |   100 |    25 ||   125
